 Dungeon Crawl Stone Soup version 0.20.0-10-g0535bb4 (webtiles) character file.

343 Hasart the Skirmisher (level 6, -13/50 HPs)
             Began as a Barachi Fighter on June 4, 2017.
             Mangled by an ogre
             ... wielding a +0 giant club
              (17 damage)
             ... on level 4 of the Dungeon.
             The game lasted 00:13:13 (3256 turns).

Hasart the Skirmisher (Barachi Fighter)             Turns: 3256, Time: 00:13:14

Health: -13/50     AC: 17    Str: 18    XL:     6   Next: 57%
Magic:  6/6        EV:  5    Int: 10    God:
Gold:   90         SH:  9    Dex: 11    Spells: 5/5 levels left

rFire    . . .     SeeInvis .   e - +1 mace (protect)
rCold    . . .     Gourm    .   c - +0 shield
rNeg     . . .     Faith    .   j - +0 chain mail
rPois    +         Spirit   .   i - +0 helmet
rElec    .         Reflect  .   (no cloak)
rCorr    .         Harm     .   (no gloves)
MR       .....                  (no boots)
Stlth    ..........             b - amulet of magic regeneration
Regen    0.2/turn               n - ring of poison resistance
MPRegen  0.2/turn               (no ring)

@: protection aura, drained, slow
A: +LOS, swims, slowness 1, strong legs 1
a: Hop


You were on level 4 of the Dungeon.
You were not hungry.

You visited 1 branch of the dungeon, and saw 4 of its levels.

You collected 90 gold pieces.

Inventory:

Hand Weapons
 a - a +0 flail
 e - a +1 mace of protection (weapon)
Armour
 c - a +0 shield (worn)
 i - a +0 helmet (worn)
 j - a +0 chain mail (worn)
Jewellery
 b - an amulet of magic regeneration (around neck)
 n - a ring of poison resistance (left hand)
Scrolls
 d - a scroll of random uselessness {unknown}
 h - a scroll of blinking {unknown}
 k - 6 scrolls of identify {unknown}
 l - a scroll of fear {unknown}
 m - a scroll of magic mapping {unknown}
 o - a scroll of amnesia {unknown}
 p - 2 scrolls of remove curse
 r - a scroll of enchant armour {unknown}
 t - a scroll of noise {unknown}
Potions
 g - 2 potions of brilliance
 q - a potion of degeneration {unknown}
Comestibles
 f - 6 bread rations
 s - a meat ration
 u - a chunk of flesh


   Skills:
 + Level 4.8(4.2) Fighting
 * Level 4.6(3.9) Maces & Flails
 + Level 4.6(4.0) Armour
 + Level 2.8(2.2) Dodging
 + Level 4.2(3.5) Shields


You had 5 spell levels left.
You didn't know any spells.

Dungeon Overview and Level Annotations

Branches:
Dungeon (4/15)
 Temple: D:4-7

Altars:
Ashenzari
Elyvilon
Kikubaaqudgha
Makhleb
Vehumet

Shops:
D:4 :


Innate Abilities, Weirdness & Mutations

Shadows flee at your approach. (+LOS)
You can swim through water.
You cover ground slowly.
You can hop short distances.


Message History

An ogre comes into view. It is wielding a giant club.
An ogre is nearby!
Your chain mail prevents you from hitting the ogre.
You block the ogre's attack.
You hit the ogre but do no damage.
Your weapon exudes an aura of protection.
You block the ogre's attack.
Your shield and chain mail prevent you from hitting the ogre.
The ogre hits you with a giant club.
You hit the ogre.
The ogre is moderately wounded.
The ogre hits you with a giant club!!
You sock the ogre!
The ogre is heavily wounded.
The ogre hits you with a giant club!!
* * * LOW HITPOINT WARNING * * *
Your shield prevents you from hitting the ogre.
The ogre is heavily wounded.
The ogre hits you with a giant club!
You die...

####+##+#(....#####.##.........#
.......<.........>...#.........#
####################.#.........#
........(.....#.........#
####.####.####.#.........# +
+..#.#..+.+..#.#.........#
#.#..#.#..#.#..#.#.........#
.#+##[#'##)#'##.#O##.#....######
................@....######
.#+##.#'##.#'##.#+##.#
#.#..#.#รท.#.# #.# # #..'.'.)#.#
.# ####.####.####.##
..................
##################


You could see an ogre.

Vanquished Creatures
  2 jellies (D:1)
  Natasha (thrice) (D:2)
  2 worker ants (D:4)
  3 gnolls (D:2)
  5 adders (D:2)
  2 worms
  A dart slug (D:2)
  A ball python (D:1)
  8 giant cockroaches
  11 goblins
  6 hobgoblins
  9 jackals
  4 kobolds
  2 quokkas
  7 bats
  6 frilled lizards
  A quokka zombie (D:3)
  16 rats
89 creatures vanquished.

Notes
Turn   | Place    | Note
-------+----------+-------------------------------------------
     0 | D:1      | Hasart the Barachi Fighter began the quest for the Orb.
     0 | D:1      | Reached XP level 1. HP: 18/18 MP: 1/1
     1 | D:1      | Found a runed door.
     2 | D:1      | Noticed a jelly
   337 | D:1      | Reached XP level 2. HP: 25/25 MP: 2/2
   824 | D:1      | Reached skill level 1 in Dodging
   943 | D:1      | Reached XP level 3. HP: 29/30 MP: 3/3
  1041 | D:1      | Reached XP level 4. HP: 16/37 MP: 4/4
  1515 | D:2      | Found a white marble altar of Elyvilon.
  1537 | D:2      | Reached XP level 5. HP: 41/43 MP: 5/5
  1598 | D:2      | Noticed Natasha
  1602 | D:2      | Killed Natasha
  1758 | D:2      | Noticed Natasha
  1787 | D:2      | Killed Natasha
  1792 | D:2      | Reached XP level 6. HP: 7/49 MP: 6/6
  1884 | D:2      | Noticed Natasha
  1888 | D:2      | Killed Natasha
  2155 | D:2      | Found a shattered altar of Ashenzari.
  2663 | D:3      | Found a radiant altar of Vehumet.
  3016 | D:3      | Found an ancient bone altar of Kikubaaqudgha.
  3025 | D:3      | Found a burning altar of Makhleb.
  3087 | D:4      | Found Tylew's Book Boutique.
  3256 | D:4      | Mangled by an ogre

Skill      XL: |  1  2  3  4  5 |
---------------+----------------+-----
Dodging        | 1 2 |  2.8
Fighting       | 4 |  4.8
Maces & Flails | 3 4 |  4.6
Armour         | 4 |  4.6
Shields        | 4 |  4.2

Action                   |  1- 3 |  4- 6 || total
-------------------------+-------+-------++-------
Melee: Flail             |   139 |   194 ||   333
       Mace              |       |   117 ||   117
  Use: Scroll            |     1 |     1 ||     2
       Potion            |       |     3 ||     3
  Eat: Chunk             |       |    10 ||    10
Armor: Scale mail        |    33 |       ||    33
       Chain mail        |    91 |   239 ||   330
       Skin              |       |    11 ||    11
Dodge: Dodged            |    35 |    84 ||   119
Block: Shield            |    95 |   199 ||   294
